 Dungeon Crawl Stone Soup version 0.29-a0-529-gfa20dd96a1 (webtiles) character file.

Game seed: 16133861892423225029

4513 kevlar127 the Grappler (level 10, -2/104 HPs)
             Began as a Troll Berserker on May 31, 2022.
             Was an Elder of Trog.
             Slain by a rakshasa
             ... wielding a +0 long sword
              (18 damage)
             ... on level 6 of the Dungeon on June 2, 2022.
             The game lasted 00:31:44 (6793 turns).

kevlar127 the Grappler (Troll Berserker)            Turns: 6793, Time: 00:31:45

Health: -2/104     AC:  7    Str: 31    XL:     10   Next: 16%
Magic:  0/9        EV: 10    Int:  3    God:    Trog [****..]
Gold:   623        SH:  0    Dex:  9    Spells: 9/9 levels left

rFire   . . .      SeeInvis +     - Unarmed
rCold   . . .      Faith    .   (no shield)
rNeg    . . .      Spirit   +   F - +0 troll leather armour
rPois   .          Reflect  .   (helmet restricted)
rElec   .          Harm     .   L - +0 cloak
rCorr   .          Rampage  .   (gloves unavailable)
Will    ++...                   (boots unavailable)
Stlth   +.........              y - amulet of guardian spirit
HPRegen 2.87/turn               I - ring of flight
MPRegen 0.11/turn               r - ring of see invisible

@: strong-willed, flying, regenerating
A: large, unfitting armour, claws 3, regeneration 1, shaggy fur 1, tough skin 1
a: Renounce Religion, Berserk, Trog's Hand, Brothers in Arms


You were on level 6 of the Dungeon.
You worshipped Trog.
Trog was greatly pleased with you.
You visited 1 branch of the dungeon, and saw 7 of its levels.
You also visited: Ossuary.

You collected 623 gold pieces.

Inventory:

Missiles
 m - 199 stones
 n - 23 poisoned darts
 t - 2 boomerangs (quivered)
 E - a throwing net
 K - 4 curare-tipped darts
Armour
 F - a +0 troll leather armour (worn)
 L - a +0 cloak (worn)
Jewellery
 b - a +6 ring of intelligence
 r - a ring of see invisible (right claw)
 y - an amulet of guardian spirit (around neck)
 I - a ring of flight (left claw)
Wands
 H - a wand of iceblast (8)
Scrolls
 d - 7 scrolls of noise
 e - a scroll of fog {unknown}
 i - 3 scrolls of teleportation {unknown}
 k - a scroll of immolation {unknown}
 l - 2 scrolls of poison {unknown}
 q - a scroll of summoning {unknown}
 s - 2 scrolls of fear {unknown}
 v - 2 scrolls of silence {unknown}
 A - 2 scrolls of enchant armour
 D - a scroll of acquirement {unknown}
 J - a scroll of amnesia {unknown}
Potions
 c - 3 potions of degeneration
 f - 2 potions of invisibility {unknown}
 g - a potion of berserk rage {unknown}
 h - 3 potions of might
 j - a potion of cancellation {unknown}
 p - 2 potions of attraction {unknown}
 u - 2 potions of mutation {unknown}
 w - 5 potions of lignification
 x - 6 potions of curing
 z - 2 potions of heal wounds {unknown}
 B - 2 potions of flight {unknown}
 C - a potion of magic {unknown}


   Skills:
 + Level 7.7 Fighting
 - Level 6.0 Throwing
 - Level 3.0 Dodging
 + Level 9.2 Unarmed Combat
 + Level 3.3 Evocations


You had 9 spell levels left.
You didn't know any spells.
Your spell library was empty.

Dungeon Overview and Level Annotations

Branches:
Dungeon (7/15)             Temple (0/1) D:4         Ossuary (visited)

Altars:
Okawaru

Shops:
D:7 =

Portals:
Abyss: D:6

Annotations:
D:6 1 transporter, Hubjo's ghost, amateur DEFE


Innate Abilities, Weirdness & Mutations

You are too large for most types of armour.
You have claws for hands.
Your natural rate of healing is unusually fast.
You are covered in fur. (AC +1)
You have tough skin. (AC +1)


Message History

The rakshasa is lightly wounded.
The rakshasa gestures at you. The lance of force misses you.
You mangle the rakshasa!!
The rakshasa is heavily wounded.
Hubjo's ghost hits you. The rakshasa closely misses you.
The kobold brigand hits you with a +0 whip of distortion.
Space warps horribly around you!!
You are too injured to fight recklessly!
You are too injured to fight recklessly!
Your skin crawls.
You feel strong-willed. Hubjo's ghost barely misses you.
The rakshasa hits you with a +0 long sword!
The kobold brigand hits you with a +0 whip of distortion!
* * * LOW HITPOINT WARNING * * *
Space warps around you.
* * * LOW HITPOINT WARNING * * *
You closely miss Hubjo's ghost.
Hubjo's ghost hits you but does no damage.
The rakshasa weaves an illusion.
The kobold brigand shimmers and seems to become two!
You closely miss Hubjo's ghost. You closely miss Hubjo's ghost.
Hubjo's ghost completely misses you. The kobold brigand barely misses you.
The rakshasa blinks!
You closely miss Hubjo's ghost. Hubjo's ghost closely misses you.
The kobold brigand hits you but does no damage.
Space warps around you.
The kobold brigand hits you with a +0 whip of distortion.
* * * LOW HITPOINT WARNING * * *
You blink.
The rakshasa hits you with a +0 long sword!
* * * LOW HITPOINT WARNING * * *
Throw: 2 boomerangs
Press: ? - help, Q - select action, (/) - cycle Shift-Dir - straight line, f - rakshasa
Aim: a rakshasa, wielding a +0 long sword and wearing a +0 robe (heavily wounded, 48% to hit)
Okay, then.
The rakshasa attacks as you move away!
The rakshasa hits you with a +0 long sword!!
You die...

#.##......©####....###......#
#.###...####.###..##R#.....##
#.# #..##.$.#.©#©.#xK#.....#
#.# #..#.∩##..##..##9##....#
#.###..##...###...##.##....#
#.##....##..#....##..:#....#
#.##....##..##.###..###....###
#.##...##.##R###...###.......#
#......#....#@..##)#..........
####...##.^.###§K#.##......#.#
#....##..#..W§K# ##....##.#
#.....#..#.####.# ##...##.#
#....##...##..# .#.#..###.#
#....##©###.[.###.##..# #.#
#....####.......###...# #.#
#.........)...........# #.#
#.....................# #.#


You could see a rakshasa and 2 kobold brigands.

Vanquished Creatures
  5 kobold demonologists (D:7)
  A troll (D:6)
  Sigmund (D:3)
  3 sky beasts
  3 black bears
  A phantom (D:5)
  4 small abominations (D:6)
  6 kobold brigands (D:7)
  A bullfrog (D:7)
  Blork the orc (D:5)
  A gnoll sergeant (D:5)
  3 necrophages
  5 scorpions
  A howler monkey (D:5)
  An orc priest (D:5)
  2 jellies
  A gnoll shaman (D:7)
  4 hounds
  Jessica (D:2)
  An iguana (D:6)
  2 orc wizards (D:4)
  8 mummies (Ossuary)
  13 gnolls
  6 adders
  A shadow imp (D:5)
  A white imp (D:7)
  An ufetubus (D:4)
  7 worms
  A dart slug (D:1)
  19 orcs
  6 ball pythons
  3 bats
  8 endoplasms
  2 giant cockroaches
  7 hobgoblins
  3 quokkas
  5 frilled lizards
  A gnoll zombie (Ossuary)
  8 goblins
  4 hobgoblin zombies (Ossuary)
  6 kobolds
  2 kobold zombies (Ossuary)
  An orc zombie (Ossuary)
  6 rats
167 creatures vanquished.

Vanquished Creatures (others)
  10 fungi (D:6)
  3 plants (D:4)
  3 toadstools (D:6)
16 creatures vanquished.

Grand Total: 183 creatures vanquished

Notes
Turn   | Place    | Note
-------+----------+-------------------------------------------
     0 | D:1      | kevlar127 the Troll Berserker began the quest for the Orb.
     0 | D:1      | Reached XP level 1. HP: 22/22 MP: 0/0
     6 | D:1      | Upgraded the game from 0.29-a0-520-gc852659d43 to
                  | 0.29-a0-529-gfa20dd96a1
   105 | D:1      | Found a faded altar of an unknown god.
   145 | D:1      | Reached XP level 2. HP: 29/29 MP: 1/1
   403 | D:1      | Reached ** piety under Trog
   576 | D:2      | Noticed Jessica
   580 | D:2      | Killed Jessica
   581 | D:2      | Reached XP level 3. HP: 36/36 MP: 2/2
   623 | D:2      | Reached XP level 4. HP: 39/45 MP: 3/3
   916 | D:2      | Reached skill level 4 in Unarmed Combat
   924 | D:2      | Found an iron altar of Okawaru.
  1461 | D:3      | Noticed Sigmund
  1466 | D:3      | Killed Sigmund
  1467 | D:3      | Reached skill level 1 in Throwing
  1467 | D:3      | Reached XP level 5. HP: 34/54 MP: 4/4
  1467 | D:3      | Reached XP level 6. HP: 40/62 MP: 5/5
  2147 | D:4      | Reached skill level 5 in Unarmed Combat
  2907 | D:4      | Reached XP level 7. HP: 59/71 MP: 6/6
  2914 | D:4      | Found a staircase to the Ecumenical Temple.
  3314 | D:5      | Entered Level 5 of the Dungeon
  3328 | D:5      | Reached *** piety under Trog
  3682 | D:5      | Found a sand-covered staircase.
  3727 | Ossuary  | Entered an ossuary
  3793 | Ossuary  | Reached skill level 6 in Unarmed Combat
  3935 | Ossuary  | Reached skill level 5 in Fighting
  4261 | D:5      | Reached XP level 8. HP: 64/80 MP: 4/7
  4882 | D:5      | Noticed Blork the orc
  4889 | D:5      | Killed Blork the orc
  4890 | D:5      | Reached skill level 7 in Unarmed Combat
  5036 | D:6      | Noticed a troll
  5046 | D:6      | Killed a troll
  5047 | D:6      | Reached skill level 5 in Throwing
  5049 | D:6      | Reached **** piety under Trog
  5110 | D:6      | Found the +18 Lear's hauberk
  5178 | D:6      | Noticed a rakshasa
  5199 | D:6      | Found a transporter.
  5218 | D:6      | Found a transporter.
  5221 | D:6      | Noticed Hubjo's ghost (amateur DEFE)
  5222 | D:6      | Found a one-way gate to the infinite horrors of the Abyss.
  5386 | D:6      | Reached XP level 9. HP: 80/89 MP: 5/8
  5590 | D:6      | Noticed a toenail golem
  5633 | D:7      | Found Xask's Jewellery Emporium.
  6059 | D:7      | Found the +7 Throatcutter {drain, coup de grace}
  6059 | D:7      | Noticed a kobold demonologist
  6059 | D:7      | Noticed a kobold demonologist
  6059 | D:7      | Noticed a kobold demonologist
  6059 | D:7      | Noticed a kobold demonologist
  6059 | D:7      | Noticed a kobold demonologist
  6060 | D:7      | Noticed a soul eater
  6065 | D:7      | Reached skill level 8 in Unarmed Combat
  6071 | D:7      | Noticed a soul eater
  6072 | D:7      | Noticed a soul eater
  6075 | D:7      | Noticed a rust devil
  6076 | D:7      | Noticed an orange demon
  6076 | D:7      | Killed a kobold demonologist
  6077 | D:7      | Reached skill level 1 in Evocations
  6082 | D:7      | Noticed an ice devil
  6097 | D:7      | Killed a kobold demonologist
  6100 | D:7      | Noticed a red devil
  6121 | D:7      | Killed a kobold demonologist
  6129 | D:7      | Killed a kobold demonologist
  6139 | D:7      | Killed a kobold demonologist
  6140 | D:7      | Reached skill level 9 in Unarmed Combat
  6140 | D:7      | Reached XP level 10. HP: 102/102 MP: 9/9
  6161 | D:7      | HP: 5/102 [poisoned by a kobold brigand (curare-tipped
                  | dart)]
  6162 | D:7      | HP: 2/153 [kobold brigand/+0 short sword (1)]
  6167 | D:7      | HP: 2/153 [poisoned by a kobold brigand (curare-tipped
                  | dart)]
  6793 | D:6      | Slain by a rakshasa

Illustrated notes

Levels and vault maps discovered:
D:1:      tarquinn_simple_flora_water_e, layout_rooms,
          shapermc_ecumenical_altar_mp_highgroup, serial_bayou_ford_a,
          minmay_quantized
D:2:      layout_rooms, basic_altar, minmay_distorted, uniq_jessica
D:3:      layout_basic, interstate_on_off, minmay_randomly_rotated_circles,
          uniq_sigmund
D:4:      layout_basic, minmay_temple_entry_overgrown
D:5:      layout_loops_ring, nicolae_ossuary_entry_false_entrances,
          uniq_blork_the_orc
D:6:      layout_loops_ring, gammafunk_ghost_abyssal_escape,
          minmay_gold_behind_fungi, hellmonk_guarded_unrand_lears
D:7:      layout_basic, serial_shops, shop, dilly_guarded_unrand_throatcut

Skill      XL: |  1  2  3  4  5  6  7  8  9 10 |
---------------+-------------------------------+-----
Dodging        | 3 |  3.0
Fighting       | 3 4 5 6 7 |  7.7
Unarmed Combat | 4 5 6 7 9 |  9.2
Throwing       | 1 2 4 5 6 |  6.0
Evocations     | 2 3 |  3.3

Action                   |  1- 3 |  4- 6 |  7- 9 | 10-12 || total
-------------------------+-------+-------+-------+-------++-------
Melee: Unarmed           |    61 |   154 |   274 |    42 ||   531
       Punch             |       |     2 |     6 |     2 ||    10
Throw: Boomerang         |       |     2 |    13 |     1 ||    16
Invok: Trog's Hand       |       |     1 |     4 |     1 ||     6
       Berserk           |       |     1 |     2 |     1 ||     4
  Use: Scroll            |       |       |       |     6 ||     6
 Stab: Sleeping          |       |       |     1 |       ||     1
Armor: Animal skin       |    19 |    58 |    16 |       ||    93
       Troll leather arm |       |       |    42 |     7 ||    49
Dodge: Dodged            |    30 |    81 |   131 |    18 ||   260

Table legend: (Time is in decaauts)
 A = Elapsed time spent in this place.
 B = Non-inter-level travel time spent in this place.
 C = Inter-level travel time spent in this place.
 D = Time resting spent in this place.
 E = Time spent auto-exploring this place.
 F = Levels seen in this place.
 G = Mean time per level.
                   A        B        C        D        E       F      G
               +--------+--------+--------+--------+--------+-----+--------+
         Total |   6805 |   6532 |    273 |   1562 |   3660 |   8 |  850.6 |
       Dungeon |   6464 |   6191 |    273 |   1437 |   3547 |   7 |  923.4 |
       Ossuary |    340 |    340 |      0 |    125 |    113 |   1 |  340.0 |
               +--------+--------+--------+--------+--------+-----+--------+

Top non-repeatable levels by time:
     D:4: 1185 daAuts
     D:5: 1176 daAuts
     D:7: 1075 daAuts
     D:6: 901 daAuts
     D:3: 882 daAuts
     D:1: 751 daAuts
     D:2: 491 daAuts
 Ossuary: 340 daAuts
